 Dungeon Crawl Stone Soup version 0.31.0-9-g3a7656b989 (console) character file.

Game seed: 469787110750310806

15547 Ignak the Thaumaturge (level 12, 0/81 HPs)
             Began as a Gnoll Air Elementalist on Feb 2, 2024.
             Was a Priest of Sif Muna.
             Slain by a warg (9 damage)
             ... on level 1 of the Orcish Mines on Feb 5, 2024.
             The game lasted 00:54:19 (13851 turns).

Ignak the Thaumaturge (Gnoll Air Elementalist)     Turns: 13851, Time: 00:54:19

Health: 0/81       AC: 13    Str:  5 (6)  XL:     12   Next: 28%
Magic:  23/25      EV: 20    Int: 29      God:    Sif Muna [***...]
Gold:   394        SH:  6    Dex: 13      Spells: 5/29 levels left

rFire   . . .        I - +5 flail (protect)
rCold   + . .        h - +0 buckler
rNeg    . . .        R - +0 toga "Victory" {*Victory Clar}
rPois   .            M - +0 helmet {Int+3}
rElec   .            (no cloak)
rCorr   .            w - +1 pair of gloves of Qeotopue {rC+ Str+3}
SInv    .            d - +2 pair of boots
Will    .....        t - amulet of magic regeneration
Stlth   ++++         f - +4 ring of protection
HPRegen 0.33/turn    l - ring "Caokhlialu" {EV+5 Str-5 Int+7}
MPRegen 0.59/turn

%: clarity
@: about to teleport
A: fangs 1, strong nose, distributed training, deterioration 1, frail 1
a: Renounce Religion, Channel Magic, Forget Spell


You were on level 1 of the Orcish Mines.
You worshipped Sif Muna.
Sif Muna was most pleased with you.
You visited 4 branches of the dungeon, and saw 14 of its levels.
You also visited: Sewer and Bailey.

You collected 1240 gold pieces.
You spent 846 gold pieces at shops.

Inventory:

Hand Weapons
 I - a +5 flail of protection (weapon)
Missiles
 G - 32 poisoned darts (quivered)
Armour
 d - a +2 pair of boots (worn)
 h - a +0 buckler (worn)
 w - the +1 pair of gloves of Qeotopue (worn) {rC+ Str+3}
   (You found it on level 3 of the Dungeon)

   Str+3:     It affects your strength (+3).
   rC+:       It protects you from cold.
 M - a +0 helmet of intelligence (worn)
 R - the +0 toga "Victory" (worn) {*Victory Clar}
   (You found it on level 9 of the Dungeon)

   *Victory:  When the wearer kills a threatening monster, it has a chance to
   gain +1 AC, +1 Slay, and +1 Int, capping at +7.
   When the wearer uses a scroll or a potion with a hostile monster in sight,
   its bonuses reset to +0.
   Unequipping it also resets its bonuses to +0.
   Clar:      It protects you from confusion, rage, mesmerisation and fear.
 S - the +1 robe of Biras {rC- Str+4 Archmagi}
   (You found it in a bailey)

   Str+4:     It affects your strength (+4).
   rC-:       It makes you vulnerable to cold.
   Archmagi:  It increases the power of your magical spells.
Jewellery
 f - a +4 ring of protection (left hand)
 l - the ring "Caokhlialu" (right hand) {EV+5 Str-5 Int+7}
   (You bought it in a shop on level 8 of the Dungeon)

   [ring of evasion]

   EV+5:      It affects your evasion (+5).
   Str-5:     It affects your strength (-5).
   Int+7:     It affects your intelligence (+7).
 s - a ring of see invisible
 t - an amulet of magic regeneration (around neck)
 E - a ring of poison resistance
Wands
 z - a wand of flame (35)
 O - a wand of roots (2)
 Q - a wand of quicksilver (2)
 V - a wand of mindburst (1)
Scrolls
 a - 2 scrolls of identify
 c - 5 scrolls of fog
 i - a scroll of poison
 n - 2 scrolls of brand weapon
 o - 2 scrolls of immolation
 p - 3 scrolls of enchant weapon
 v - 3 scrolls of vulnerability
 y - 3 scrolls of teleportation
 C - 4 scrolls of blinking
 D - 3 scrolls of amnesia
 J - a scroll of summoning
 L - 2 scrolls of revelation {unknown}
Potions
 b - 2 potions of magic
 e - 2 potions of brilliance {unknown}
 g - 4 potions of degeneration {unknown}
 j - 2 potions of cancellation {unknown}
 k - 3 potions of heal wounds {unknown}
 m - 2 potions of enlightenment {unknown}
 q - 6 potions of curing
 r - a potion of invisibility {unknown}
 x - 3 potions of mutation {unknown}
 A - a potion of attraction {unknown}
 B - 3 potions of resistance {unknown}
 F - 4 potions of might {unknown}
 H - 2 potions of ambrosia {unknown}
 K - 2 potions of lignification {unknown}
 T - a potion of haste {unknown}
Miscellaneous
 P - a phial of floods (inert)


   Skills:
 + Level 7.4 Fighting
 + Level 7.4 Short Blades
 + Level 7.4 Long Blades
 + Level 7.4 Axes
 + Level 7.4 Maces & Flails
 + Level 7.4 Polearms
 + Level 7.4 Staves
 + Level 7.4 Ranged Weapons
 + Level 7.4 Throwing
 + Level 7.4 Armour
 + Level 8.8 Dodging
 + Level 8.6 Stealth
 + Level 7.4 Shields
 + Level 7.4 Unarmed Combat
 + Level 9.0 Spellcasting
 + Level 6.5 Conjurations
 + Level 6.1 Hexes
 + Level 6.1 Summonings
 + Level 6.1 Necromancy
 + Level 6.1 Translocations
 + Level 6.1 Fire Magic
 + Level 6.1 Ice Magic
 + Level 8.3 Air Magic
 + Level 6.1 Earth Magic
 + Level 6.1 Alchemy
 + Level 8.1 Invocations
 + Level 7.4 Evocations
 + Level 6.7 Shapeshifting


You had 5 spell levels left.
You knew the following spells:

 Your Spells              Type           Power      Damage    Failure   Level
a - Shock                 Conj/Air       100%       1d9       1%          1
b - Swiftness             Air            57%        N/A       1%          3
c - Airstrike             Air            28%        2d(5-21)  1%          4
d - Dispel Undead         Necr           48%        3d18      4%          4
e - Summon Lightning Spi  Summ/Air       53%        N/A       3%          4
f - Stone Arrow           Conj/Erth      100%       3d13      1%          3
q - Confusing Touch       Hex            48%        N/A       1%          3
z - Static Discharge      Conj/Air       100%       3-8/arc   1%          2

Your spell library contained the following spells:

 Spells                   Type           Power      Damage    Failure   Level
 Kiss of Death            Conj/Necr      100%       2d13      1%          1
 Brom's Barrelling Bould  Conj/Erth      50%        2d7       4%          4
 Petrify                  Alch/Erth      48%        N/A       4%          4
 Lehudib's Crystal Spear  Conj/Erth      25%        10d7      100%        8


Dungeon Overview and Level Annotations

Branches:
Dungeon (11/15)            Temple (1/1) D:6            Lair (1/5) D:10
    Orc (1/2) D:10          Sewer (visited)          Bailey (visited)

Altars:
Ashenzari
Cheibriados
Dithmenos
Elyvilon
Fedhas
Gozag
Hepliaklqana
Kikubaaqudgha
Makhleb
Nemelex Xobeh
Okawaru
Qazlal
Ru
Sif Muna
Trog
Uskayaw
Vehumet
Wu Jian
Xom
Yredelemnul
Zin
The Shining One

Shops:
D:7 (   D:8 =   Orc:1 [

Annotations:
D:3 2 transporters
Orc:1 1 transporter, Chiseanne's ghost, journeyman DsSh


Innate Abilities, Weirdness & Mutations

You have very sharp teeth.
Your uncanny sense of smell can sniff out nearby items.
Your experience applies equally to all skills.
Your body sometimes deteriorates upon taking damage.
You are frail. (-10% HP)


Message History

The moth of wrath is severely wounded.
The warg is struck by an arc of lightning.
The warg is heavily wounded.
The lightning grounds out.
The moth of wrath is struck by an arc of lightning.
The moth of wrath is heavily wounded.
The warg is struck by an arc of lightning!
The warg is severely wounded.
The moth of wrath is struck by an arc of lightning.
The moth of wrath is severely wounded.
The lightning grounds out.
The warg completely misses you. You block the warg's attack.
The warg closely misses you.
The moth of wrath goads the warg on!
The warg goes berserk!
The moth of wrath closely misses you. The warg bites you!!
The warg closely misses you.
Unknown command.
Unknown command.
Okay, then.
Okay, then.
Really read with monsters nearby while wearing the +1 toga "Victory"?
As you read the scroll of teleportation, it crumbles to dust.
You feel strangely unstable.
The +0 toga "Victory" stops glowing.
The warg bites you!
Your body deteriorates!
You feel weakened. The warg closely misses you. The moth of wrath bites you.
The warg misses you. The moth of wrath bites you. The warg misses you.
Okay, then.
Press: ? - help, v - describe, . - travel, g - get item
Here: a moth of wrath (severely wounded) Item here: a warg corpse.
The floor.
Unknown command.
Okay, then.
It was a potion of curing.
You feel better. The warg bites you!!
* * * LOW HITPOINT WARNING * * *
The warg misses you. You block the warg's attack.
You block the moth of wrath's attack. The moth of wrath closely misses you.
The warg bites you!
You die...

##)..#...........#.....#....#
#......#####.....##....##....
#....###...###.[.#.....#.<.##
##..##.......#.#...........##
#...#..#.#...#......#.#..###.
#..)#..#.#.hh#..#######..#...
##..##.....#.##.# ####...
#....#[.#..8#h#.### #....#
#...©#[[.y#y@h#...## ###...
#....#|#..hyW##....## ##..
#...##!#...#.#©.....## ###
#...# .#.##..##......## #.
#...#.#...#...#.......# ##
#...##..#h...##..#...># #
#....#...©..##....)...#
#..[.##.#####....)...##
#.....###.....##...###


You could see 2 moths of wrath, 3 wargs, Chiseanne's ghost and a friendly
lightning spire (summoned).

Vanquished Creatures
  A two-headed ogre (D:10)
  An orc high priest (Orc:1)
  2 deep elf pyromancers
  2 orc knights
  A kobold blastminer (Orc:1)
  An unseen horror (D:8)
  A komodo dragon (Lair:1)
  A troll (Orc:1)
  Sigmund (D:3)
  2 wyverns
  18 yaks
  A warg (Orc:1)
  A wraith (D:10)
  2 water moccasins
  2 ice beasts
  A sky beast (D:6)
  5 orc warriors
  A black bear (D:8)
  7 centaurs
  2 ogres
  A phantom (D:4)
  2 kobold brigands
  Blork the orc (D:4)
  4 bullfrogs
  2 scorpions
  13 wights
  Dowan (D:6)
  6 killer bees (D:7)
  9 howler monkeys
  4 hounds
  3 jellies (Sewer)
  2 gnoll boudas
  4 orc priests
  Jessica (D:2)
  Natasha (thrice) (D:4)
  3 iguanas
  7 orc wizards
  Terence (D:2)
  Robin (D:2)
  15 adders
  8 gnolls
  A river rat (Sewer)
  A white imp (D:7)
  2 dart slugs (D:1)
  30 orcs
  13 ball pythons
  4 bats
  13 endoplasms
  8 giant cockroaches
  21 goblins
  12 hobgoblins
  6 jackals
  35 kobolds
  6 quokkas
  4 frilled lizards
  14 rats
314 creatures vanquished.

Vanquished Creatures (collateral kills)
  A cyclops (Orc:1)
  A kobold blastminer (Orc:1)
  4 komodo dragons (Lair:1)
  2 trolls (Orc:1)
  A yak (D:8)
  A wyvern (Lair:1)
  2 wargs (Orc:1)
  Edmund (D:5)
  Duvessa (D:6)
  4 orc warriors
  An ogre (Orc:1)
  An orc priest (D:10)
  An orc wizard (D:10)
  12 orcs
33 creatures vanquished.

Grand Total: 347 creatures vanquished

Notes
Turn   | Place    | Note
-------+----------+-------------------------------------------
     0 | D:1      | Ignak the Gnoll Air Elementalist began the quest for the
                  | Orb.
     0 | D:1      | Reached XP level 1. HP: 13/13 MP: 6/6
   403 | D:1      | Reached XP level 2. HP: 19/19 MP: 5/7
   628 | D:1      | Learned a level 2 spell: Static Discharge
   667 | D:1      | Reached skill level 5 in Spellcasting
   667 | D:1      | Reached XP level 3. HP: 25/25 MP: 7/9
   671 | D:1      | Learned a level 3 spell: Swiftness
   941 | D:1      | Reached skill level 1 in Invocations
  1226 | D:2      | Reached skill level 1 in Fighting
  1226 | D:2      | Reached skill level 1 in Short Blades
  1226 | D:2      | Reached skill level 1 in Long Blades
  1226 | D:2      | Reached skill level 1 in Axes
  1226 | D:2      | Reached skill level 1 in Maces & Flails
  1226 | D:2      | Reached skill level 1 in Polearms
  1226 | D:2      | Reached skill level 1 in Staves
  1226 | D:2      | Reached skill level 1 in Ranged Weapons
  1226 | D:2      | Reached skill level 1 in Throwing
  1226 | D:2      | Reached skill level 1 in Armour
  1226 | D:2      | Reached skill level 1 in Shields
  1226 | D:2      | Reached skill level 1 in Unarmed Combat
  1226 | D:2      | Reached skill level 1 in Evocations
  1530 | D:2      | Reached skill level 1 in Shapeshifting
  1530 | D:2      | Reached XP level 4. HP: 32/32 MP: 8/11
  1603 | D:2      | Noticed Robin
  1613 | D:2      | Killed Robin
  1614 | D:2      | Reached skill level 1 in Hexes
  1614 | D:2      | Reached skill level 1 in Summonings
  1614 | D:2      | Reached skill level 1 in Necromancy
  1614 | D:2      | Reached skill level 1 in Translocations
  1614 | D:2      | Reached skill level 1 in Fire Magic
  1614 | D:2      | Reached skill level 1 in Ice Magic
  1614 | D:2      | Reached skill level 1 in Earth Magic
  1614 | D:2      | Reached skill level 1 in Alchemy
  1622 | D:2      | Noticed Jessica
  1638 | D:2      | Killed Jessica
  1639 | D:2      | Reached XP level 5. HP: 26/37 MP: 9/12
  1773 | D:2      | Found a faded altar of an unknown god.
  1782 | D:2      | Learned a level 4 spell: Airstrike
  1787 | D:2      | Learned a level 4 spell: Dispel Undead
  1787 | D:2      | Noticed Terence
  1811 | D:2      | Killed Terence
  2092 | D:3      | Identified the +1 pair of gloves of Qeotopue {rC+ Str+3}
  2205 | D:3      | Found a transporter.
  2242 | D:3      | Noticed Sigmund
  2259 | D:3      | Killed Sigmund
  2260 | D:3      | Reached skill level 5 in Dodging
  2260 | D:3      | Reached XP level 6. HP: 25/44 MP: 8/14
  2424 | D:3      | Found a transporter.
  2512 | D:3      | Found a snail-covered altar of Cheibriados.
  3197 | D:4      | Noticed Blork the orc
  3199 | D:4      | Killed Blork the orc
  3200 | D:4      | Reached XP level 7. HP: 50/50 MP: 7/15
  3678 | D:4      | Noticed Natasha
  3681 | D:4      | Killed Natasha
  3862 | D:4      | Noticed Natasha
  3869 | D:4      | Killed Natasha
  4069 | D:4      | Noticed Natasha
  4082 | D:4      | Killed Natasha
  4107 | D:5      | Entered Level 5 of the Dungeon
  4169 | D:4      | Reached skill level 5 in Stealth
  4539 | D:5      | Reached XP level 8. HP: 58/58 MP: 16/16
  4635 | D:5      | Reached skill level 6 in Spellcasting
  4882 | D:5      | Learned a level 4 spell: Summon Lightning Spire
  5017 | D:5      | Noticed Edmund
  5051 | D:5      | Killed Edmund
  5359 | D:5      | Found a blossoming altar of Fedhas.
  5363 | D:5      | Identified the +6 scale mail of Kugohaqa {rElec MP+9}
  5388 | D:5      | Found a faded altar of an unknown god.
  5388 | D:5      | Found a hazy altar of Hepliaklqana.
  5722 | D:6      | Found a glowing drain.
  5740 | Sewer    | Entered a sewer
  5886 | Sewer    | Found a viscous altar of Jiyva.
  6124 | D:6      | Noticed Dowan
  6125 | D:6      | Noticed Duvessa
  6133 | D:6      | Killed Duvessa
  6134 | D:6      | Reached XP level 9. HP: 65/65 MP: 13/18
  6137 | D:6      | Killed Dowan
  6141 | D:6      | Found a staircase to the Ecumenical Temple.
  6212 | Temple   | Entered the Ecumenical Temple
  6281 | Temple   | Became a worshipper of Sif Muna the Loreminder
  7360 | D:7      | Reached skill level 5 in Invocations
  7532 | D:7      | Found a shadowy altar of Dithmenos.
  7557 | D:7      | Reached skill level 7 in Spellcasting
  7592 | D:7      | Reached * piety under Sif Muna
  7655 | D:7      | Reached skill level 5 in Fighting
  7655 | D:7      | Reached skill level 5 in Short Blades
  7655 | D:7      | Reached skill level 5 in Long Blades
  7655 | D:7      | Reached skill level 5 in Axes
  7655 | D:7      | Reached skill level 5 in Maces & Flails
  7655 | D:7      | Reached skill level 5 in Polearms
  7655 | D:7      | Reached skill level 5 in Staves
  7655 | D:7      | Reached skill level 5 in Ranged Weapons
  7655 | D:7      | Reached skill level 5 in Throwing
  7655 | D:7      | Reached skill level 5 in Armour
  7655 | D:7      | Reached skill level 5 in Shields
  7655 | D:7      | Reached skill level 5 in Unarmed Combat
  7655 | D:7      | Reached skill level 5 in Evocations
  7655 | D:7      | Reached XP level 10. HP: 70/74 MP: 16/20
  7782 | D:7      | Found Uwkocs's Antique Weapon Shoppe.
  8253 | D:8      | Reached skill level 5 in Conjurations
  8389 | D:8      | Reached skill level 5 in Shapeshifting
  8443 | D:8      | Found an ornate altar of the Wu Jian Council.
  8565 | D:8      | Noticed an unseen horror
  8575 | D:8      | Killed an unseen horror
  8641 | D:8      | Found Xaigih's One-of-a-Kind Rings.
  8690 | D:8      | Found a burning altar of Makhleb.
  8790 | D:8      | Reached ** piety under Sif Muna
  9637 | D:9      | Reached skill level 5 in Hexes
  9637 | D:9      | Reached skill level 5 in Summonings
  9637 | D:9      | Reached skill level 5 in Necromancy
  9637 | D:9      | Reached skill level 5 in Translocations
  9637 | D:9      | Reached skill level 5 in Fire Magic
  9637 | D:9      | Reached skill level 5 in Ice Magic
  9637 | D:9      | Reached skill level 5 in Earth Magic
  9637 | D:9      | Reached skill level 5 in Alchemy
  9801 | D:9      | Reached XP level 11. HP: 68/81 MP: 18/22
  9935 | D:9      | Reached skill level 8 in Spellcasting
 10487 | D:9      | Found the +0 toga "Victory" {*Victory Clar}
 10689 | D:10     | Entered Level 10 of the Dungeon
 10727 | D:10     | Learned a level 3 spell: Confusing Touch
 10795 | D:10     | Noticed a two-headed ogre
 10804 | D:10     | Killed a two-headed ogre
 10850 | D:10     | Noticed a deep elf pyromancer
 10871 | D:10     | Killed a deep elf pyromancer
 10898 | D:10     | Found a staircase to the Lair.
 11016 | D:10     | Found a flagged portal.
 11026 | Bailey   | Entered a bailey
 11179 | Bailey   | Found a large runed translucent door.
 11179 | Bailey   | Found a large runed translucent door.
 11180 | Bailey   | Noticed a deep elf pyromancer
 11206 | Bailey   | Noticed an orc knight
 11259 | Bailey   | Killed an orc knight
 11316 | Bailey   | Killed a deep elf pyromancer
 11471 | Bailey   | Identified the +1 robe of Biras {rC- Str+4 Archmagi}
 11478 | Bailey   | Got Xielar's Guidebook on Amathomancy
 11664 | D:10     | Reached *** piety under Sif Muna
 11715 | D:10     | Learned a level 3 spell: Stone Arrow
 11748 | D:10     | Found a staircase to the Orcish Mines.
 11950 | D:8      | Bought the ring "Caokhlialu" {EV+5 Str-5 Int+7} for 708
                  | gold pieces
 12036 | Orc:1    | Entered Level 1 of the Orcish Mines
 12275 | Lair:1   | Entered Level 1 of the Lair of Beasts
 12465 | Orc:1    | Found Deph's Armour Emporium.
 12510 | Orc:1    | Reached XP level 12. HP: 83/91 MP: 20/24
 12538 | Orc:1    | Bought a +0 helmet of intelligence for 138 gold pieces
 12576 | Orc:1    | Noticed an orc high priest
 12620 | Orc:1    | Gained mutation: You are frail. (-10% HP) [a neqoxec]
 12621 | Orc:1    | Gained mutation: Your body sometimes deteriorates upon
                  | taking damage. [a neqoxec]
 12782 | Orc:1    | Noticed Chiseanne's ghost (journeyman DsSh)
 12793 | Orc:1    | Found a transporter.
 12837 | Orc:1    | Found a transporter.
 13409 | Orc:1    | Reached skill level 9 in Spellcasting
 13570 | Orc:1    | Killed an orc high priest
 13851 | Orc:1    | Slain by a warg

Illustrated notes

Levels and vault maps discovered:
D:1:      dpeg_arrival_rhombi, layout_loops_corners, minmay_quantized
D:2:      layout_loops_cross, basic_ecumenical_altar, hangedman_decor_opposing,
          glass_columns_a, roderic_lattice_a, uniq_jessica, uniq_terence,
          uniq_robin
D:3:      gammafunk_wand_slinger, layout_loops_ring,
          mainiacjoe_overflow_small_starburst, uniq_sigmund
D:4:      layout_loops_corners, uniq_blork_the_orc, uniq_natasha
D:5:      kennysheep_kobold_camp, layout_loops_corners,
          beargit_hepliaklqana_dungeon_heroes, mainiacjoe_overflow_alcove_4,
          uniq_edmund, uniq_pikel
D:6:      layout_basic, minmay_temple_entry_purple_smoke, gup_sewer_entry_glass,
          uniq_duvessa
D:7:      layout_basic, nicolae_dithmenos_the_darkroom, serial_shops, shop
D:8:      layout_basic, makhleb_blood_cavern_becter, nzn_wu_jian_council_hall,
          nicolae_shop_unique_rings
D:9:      layout_roguey
D:10:     layout_roguey, lair_entry_dummy, hiddenorc1_lemuel, enter_bailey_3
D:11:     layout_long_grid, serial_undead, serial_undead_e, serial_undead_a,
          serial_undead_e, serial_undead_e, serial_undead_d, serial_undead_a,
          serial_undead_d, serial_undead_e
Temple:   minmay_temple_bridge_d
Lair:1:   layout_hall_layers, serial_bayou_shore_a
Orc:1:    layout_diamond_mine, serial_shops, nicolae_shop_advertising_works
          [nicolae_subvault_shop_adworks], gammafunk_ghost_berserking_beasts,
          nicolae_orc_minecarts

Skill      XL: |  1  2  3  4  5  6  7  8  9 10 11 12 |
---------------+-------------------------------------+-----
Conjurations   | 2 3 4 5 6 |  6.5
Spellcasting   | 5 6 7 8 9 |  9.0
Invocations    | 1 2 3 4 5 6 7 8 |  8.1
Fighting       | 1 2 3 4 5 6 7 |  7.4
Short Blades   | 1 2 3 4 5 6 7 |  7.4
Long Blades    | 1 2 3 4 5 6 7 |  7.4
Axes           | 1 2 3 4 5 6 7 |  7.4
Maces & Flails | 1 2 3 4 5 6 7 |  7.4
Polearms       | 1 2 3 4 5 6 7 |  7.4
Staves         | 1 2 3 4 5 6 7 |  7.4
Ranged Weapons | 1 2 3 4 5 6 7 |  7.4
Throwing       | 1 2 3 4 5 6 7 |  7.4
Armour         | 1 2 3 4 5 6 7 |  7.4
Shields        | 1 2 3 4 5 6 7 |  7.4
Unarmed Combat | 1 2 3 4 5 6 7 |  7.4
Evocations     | 1 2 3 4 5 6 7 |  7.4
Shapeshifting  | 1 2 3 4 5 6 |  6.7
Hexes          | 1 2 3 4 5 6 |  6.1
Summonings     | 1 2 3 4 5 6 |  6.1
Necromancy     | 1 2 3 4 5 6 |  6.1
Translocations | 1 2 3 4 5 6 |  6.1
Fire Magic     | 1 2 3 4 5 6 |  6.1
Ice Magic      | 1 2 3 4 5 6 |  6.1
Earth Magic    | 1 2 3 4 5 6 |  6.1
Alchemy        | 1 2 3 4 5 6 |  6.1
Dodging        | 5 6 7 8 |  8.8
Stealth        | 5 6 7 8 |  8.6
Air Magic      | 6 7 8 |  8.3

Action                     |  1- 3 |  4- 6 |  7- 9 | 10-12 || total
---------------------------+-------+-------+-------+-------++-------
  Melee: Dagger            |    85 |    50 |    11 |       ||   146
         Bite              |     6 |     4 |    24 |    63 ||    97
         Short sword       |     2 |       |    93 |       ||    95
         Flail             |       |       |   153 |   322 ||   475
  Throw: Dart              |       |       |     2 |     1 ||     3
   Cast: Shock             |    29 |    40 |    81 |    31 ||   181
         Static Discharge  |       |     7 |    23 |    59 ||    89
         Airstrike         |       |     3 |     7 |    11 ||    21
         Swiftness         |       |       |     2 |     4 ||     6
         Summon Lightning  |       |       |     2 |    23 ||    25
         Confusing Touch   |       |       |       |     7 ||     7
  Evoke: Wand              |       |       |       |     2 ||     2
         Phial of floods   |       |       |       |     1 ||     1
    Use: Scroll            |       |     9 |     2 |     8 ||    19
         Potion            |       |       |       |     1 ||     1
   Stab: Sleeping          |     8 |    10 |    14 |     4 ||    36
         Distracted        |     1 |       |       |     1 ||     2
         Confused          |       |       |       |     2 ||     2
 Armour: Robe              |    46 |    28 |   187 |   349 ||   610
  Dodge: Dodged            |    40 |    24 |   162 |   351 ||   577
  Block: Buckler           |    13 |     8 |    62 |   115 ||   198
